 Dungeon Crawl Stone Soup version 0.28-a0-1624-g820543e53a (webtiles) character file.

Game seed: 15174915498752823430

6477 soggyman666 the Thaumaturge (level 11, -2/65 HPs)
             Began as a Djinni Summoner on Jan 23, 2022.
             Was a Believer of Ashenzari.
             Slain by a wolf (10 damage)
             ... on level 1 of the Lair of Beasts.
             The game lasted 00:40:31 (14091 turns).

soggyman666 the Thaumaturge (Djinni Summoner)      Turns: 14091, Time: 00:40:32

Health: -2/65      AC:  5    Str:  7    XL:     11   Next: 19%
Gold:   1550       EV: 14    Int: 21    God:    Ashenzari [**....] SH:  0 Dex: 14

rFire   + + .      SeeInvis +   i - +1 dagger (freeze)
rCold   x . .      Faith    .   (no shield)
rNeg    . . .      Spirit   .   a - +0 robe
rPois   ∞          Reflect  .   b - +1 helmet of the Shattered Augur {Evo, Melee} (curse)
rElec   .          Harm     .   h - scarf of the Ether {repulsion, Melee, Fort} (curse)
rCorr   .          Rampage  .   q - +0 pair of gloves of Supernal Knowledge {Melee, Evo} (curse)
Will    +....                   (boots unavailable)
Stlth   ++........              (no amulet)
HPRegen 0.20/turn               (no ring)
MPRegen 0.00/turn               (no ring)

@: flying, repel missiles
A: sickness immunity, fire resistance 2, cold vulnerability 1, float, innate
caster, hp casting, extra vitality 1
a: Renounce Religion, Curse Item, Shatter the Chains


You were on level 1 of the Lair of Beasts.
You worshipped Ashenzari.
Ashenzari was pleased with you.
You visited 3 branches of the dungeon, and saw 11 of its levels.

You collected 1550 gold pieces.

Inventory:

Hand Weapons
 i - a +1 dagger of freezing (weapon)
Missiles
 j - a throwing net
Armour
 a - a +0 robe (worn)
 b - the cursed +1 helmet of the Shattered Augur (worn) {Evo, Melee}
   (You found it on level 1 of the Dungeon)

   It has a curse which improves the following skills: Evocations: Evocations.
   Melee Combat: Short Blades, Long Blades, Axes, Maces & Flails, Polearms,
   Staves and Unarmed Combat.
 h - the cursed scarf of the Ether (worn) {repulsion, Melee, Fort}
   (You found it on level 2 of the Dungeon)

   It has a curse which improves the following skills: Melee Combat: Short
   Blades, Long Blades, Axes, Maces & Flails, Polearms, Staves and Unarmed
   Combat.
   Fortitude: Armour and Shields.
 q - the cursed +0 pair of gloves of Supernal Knowledge (worn) {Melee, Evo}
   (You found it on level 3 of the Dungeon)

   It has a curse which improves the following skills: Melee Combat: Short
   Blades, Long Blades, Axes, Maces & Flails, Polearms, Staves and Unarmed
   Combat.
   Evocations: Evocations.
Wands
 d - a wand of iceblast (7)
 l - a wand of polymorph (12)
 v - a wand of charming (10)
 w - a wand of flame (27)
Scrolls
 c - a scroll of brand weapon
 e - 3 scrolls of teleportation
 g - a scroll of magic mapping
 k - a scroll of blinking
 s - a scroll of fog
 t - a scroll of enchant weapon
 x - a scroll of fear
Potions
 f - 6 potions of curing
 m - a potion of heal wounds
 z - 2 potions of haste


   Skills:
 * Level 5.9 Dodging
 + Level 2.0 Stealth
 + Level 12.1 Spellcasting
 * Level 2.9(4.5) Evocations


You had 9 spell levels left.
You knew the following spells:

 Your Spells              Type           Power      Damage    Failure   Level
a - Summon Small Mammal   Summ           100%       N/A       1%          1
b - Call Imp              Summ           59%        N/A       1%          2
c - Call Canine Familiar  Summ           59%        N/A       1%          3
d - Summon Guardian Gole  Hex/Summ       59%        N/A       1%          3
e - Summon Lightning Spi  Summ/Air       59%        N/A       1%          4
f - Apportation           Tloc           100%       N/A       1%          1
g - Wereblood             Tmut           59%        N/A       1%          2
h - Passwall              Tmut/Erth      49%        N/A       1%          2
i - Teleport Other        Tloc           59%        N/A       1%          3
j - Flame Wave            Conj/Fire      59%        2d11      1%          4
Your spell library was empty.

Dungeon Overview and Level Annotations

Branches:
Dungeon (9/15)             Temple (1/1) D:5            Lair (1/6) D:9
    Orc: D:9-12

Altars:
Ashenzari
Cheibriados
Dithmenos
Elyvilon
Fedhas
Gozag
Hepliaklqana
Kikubaaqudgha
Makhleb
Nemelex Xobeh
Okawaru
Qazlal
Ru
Sif Muna
Trog
Uskayaw
Vehumet
Wu Jian
Xom
Yredelemnul
Zin
The Shining One

Annotations:
D:9 1 runed translucent door, Melian's ghost, novice MiBe


Innate Abilities, Weirdness & Mutations

You are immune to sickness and miasma.
You are immune to poison.
Your flesh is very heat resistant. (rF++)
You are vulnerable to cold. (rC-)
You float through the air rather than walking.
You learn spells naturally, not from books.
Your magical power is your life essence.
You have superior vitality. (+4 MHP)


Message History

You swap places.
There is a staircase back to the Dungeon here.
The blink frog blinks! x2
The blink frog blinks!
The blink frog hits your warg.
The blink frog blinks!
Your warg barely misses the blink frog.
The blink frog blinks!
Your lightning spire shoots out a bolt of lightning at the blink frog!
The bolt of electricity hits the blink frog!
The blink frog dies!
The blink frog blinks!
A wolf comes into view.
The wolf moves out of view.
The blink frog hits your lightning spire but does no damage.
Your warg bites the blink frog.
Your lightning spire shoots out a bolt of lightning at the blink frog!
The bolt of electricity hits the blink frog!!
The blink frog blinks!
The blink frog blinks!
Your warg bites the wolf.
The blink frog blinks!
A wolf comes into view.
Your warg barely misses the wolf.
Your lightning spire shoots out a bolt of lightning at the blink frog!
The bolt of electricity hits the wolf!
The bolt of electricity hits the blink frog!
The blink frog dies!
The bolt of electricity misses the wolf.
Your Stealth skill increases to level 2!
Your guardian golem disappears in a puff of smoke!
The wolf bites your lightning spire.
Your warg barely misses the wolf.
The wolf barely misses your lightning spire.
Your warg closely misses the wolf.
The wolf bites your lightning spire!
Your lightning spire shoots out a bolt of lightning at the wolf!
The bolt of electricity hits the wolf!
The wolf dies!
Your lightning spire disappears in a puff of smoke!
The wolf closely misses you. The wolf bites you.
* * * LOW HITPOINT WARNING * * *
The wolf bites you!
You die...

, #...## * ,, ,
, ,, #...# * ,
##...# * #....#
# , ##...# *
,.# , ##..## *
..#
#....#####...#
* ,
##...#..h†..##
,
#......@h†...#
,
##..†#####....#
##.## ##...# ,
#○○§# ,...
#○.§#* ,..
#..§. * * . *
##..(.* * * *
...... * , ,
*** ....... ,


You could see a wolf (ally target) and a friendly warg (summoned).

Vanquished Creatures (collateral kills)
  A hydra (Lair:1)
  A cane toad (Lair:1)
  3 blink frogs (Lair:1)
  6 yaks
  A steam dragon (D:8)
  4 water moccasins
  2 orc warriors
  A black bear (D:4)
  A necrophage (D:7)
  2 ogres (D:5)
  2 centaurs
  2 wolves (Lair:1)
  2 phantoms
  A kobold brigand (D:9)
  2 bullfrogs
  A gnoll sergeant (D:8)
  A scorpion (D:7)
  A wyvern zombie (D:8)
  A water moccasin zombie (D:4)
  2 howler monkeys (D:9)
  A bullfrog zombie (D:5)
  2 centaur zombies
  2 jellies
  3 orc priests
  A gnoll shaman (D:8)
  2 hounds
  An iguana (D:6)
  5 orc wizards
  A hound skeleton (D:4)
  A howler monkey zombie (D:9)
  5 adders
  9 gnolls
  2 shadow imps
  3 white imps
  An ufetubus (D:6)
  3 worms (D:2)
  2 dart slugs
  20 orcs
  5 ball pythons
  9 bats
  3 endoplasms
  4 giant cockroaches
  5 goblins
  3 hobgoblins
  10 kobolds
  5 quokkas
  4 frilled lizards
  12 rats
161 creatures vanquished.

Vanquished Creatures (others)
  A two-headed ogre (D:9)
  A cane toad (Lair:1)
  2 yaks (D:9)
  A steam dragon (D:7)
  A jelly (D:5)
  An orc wizard (D:7)
  3 gnolls (D:8)
  An orc (D:8)
  4 fungi (Lair:1)
  5 plants
20 creatures vanquished.

Grand Total: 181 creatures vanquished

Notes
Turn   | Place    | Note
-------+----------+-------------------------------------------
     0 | D:1      | soggyman666 the Djinni Summoner began the quest for the
                  | Orb.
     0 | D:1      | Reached XP level 1. HP: 15/15 MP: 0/0
   599 | D:1      | Reached XP level 2. HP: 13/21 MP: 0/0
  2499 | D:1      | Reached XP level 3. HP: 20/25 MP: 0/0
  2499 | D:1      | Learned a level 1 spell: Apportation
  3422 | D:2      | Reached skill level 4 in Spellcasting
  4181 | D:2      | Reached XP level 4. HP: 24/31 MP: 0/0
  4891 | D:3      | Found a faded altar of an unknown god.
  5101 | D:3      | Reached XP level 5. HP: 27/35 MP: 0/0
  5101 | D:3      | Learned a level 2 spell: Wereblood
  6436 | D:4      | Noticed a black bear
  6448 | D:4      | Killed a black bear
  6449 | D:4      | Reached skill level 5 in Spellcasting
  6449 | D:4      | Reached XP level 6. HP: 33/40 MP: 0/0
  7119 | D:5      | Entered Level 5 of the Dungeon
  7130 | D:5      | Reached XP level 7. HP: 41/45 MP: 0/0
  7130 | D:5      | Learned a level 2 spell: Passwall
  7243 | D:5      | Reached skill level 6 in Spellcasting
  7628 | D:5      | Reached skill level 7 in Spellcasting
  7628 | D:5      | Reached XP level 8. HP: 6/50 MP: 0/0
  8414 | D:5      | Found a staircase to the Ecumenical Temple.
  8628 | Temple   | Entered the Ecumenical Temple
  8985 | Temple   | Became a worshipper of Ashenzari the Shackled
  9997 | D:6      | Noticed a yak
 10002 | D:6      | Killed a yak
 10003 | D:6      | Reached skill level 8 in Spellcasting
 10004 | D:6      | Noticed a yak
 10009 | D:6      | Noticed a yak
 10011 | D:6      | Killed a yak
 10012 | D:6      | Reached XP level 9. HP: 44/55 MP: 0/0
 10012 | D:6      | Learned a level 3 spell: Teleport Other
 10627 | D:7      | Reached skill level 9 in Spellcasting
 10832 | D:7      | Reached * piety under Ashenzari
 10832 | D:7      | Identified a scroll of acquirement
 10840 | D:7      | Acquired 1050 gold pieces
 11905 | D:8      | Reached skill level 10 in Spellcasting
 12145 | D:8      | Reached ** piety under Ashenzari
 12390 | D:8      | Reached XP level 10. HP: 49/60 MP: 0/0
 12756 | D:9      | Found a staircase to the Lair.
 12774 | D:9      | Found a burning altar of Makhleb.
 12839 | D:9      | Reached skill level 11 in Spellcasting
 12904 | D:9      | Identified the +0 helmet "Zigeadem" {Str+2}
 12926 | D:9      | Identified the +0 chain mail of Misanthropy {rElec Regen+
                  | rCorr}
 12988 | D:9      | Noticed Melian's ghost (novice MiBe)
 12988 | D:9      | Identified the Almanac of the Mountains
 12996 | D:9      | Found a runed translucent door.
 13000 | D:9      | Noticed a two-headed ogre
 13014 | D:9      | Killed a two-headed ogre
 13015 | D:9      | Reached skill level 1 in Evocations
 13021 | D:9      | Reached skill level 5 in Dodging
 13826 | Lair:1   | Entered Level 1 of the Lair of Beasts
 13848 | Lair:1   | Noticed a cane toad
 13863 | Lair:1   | Killed a cane toad
 13880 | Lair:1   | Noticed a five-headed hydra
 13895 | Lair:1   | Killed a five-headed hydra
 13897 | Lair:1   | Reached XP level 11. HP: 41/65 MP: 0/0
 13897 | Lair:1   | Learned a level 4 spell: Flame Wave
 14038 | Lair:1   | Reached skill level 12 in Spellcasting
 14091 | Lair:1   | Slain by a wolf

Illustrated notes

Levels and vault maps discovered:
D:1:      dpeg_arrival_ratfight, layout_basic, corexii_corridor_pit
D:2:      minmay_diamond_boxcup, layout_loops_ring
D:3:      layout_basic, basic_ecumenical_altar
D:4:      layout_basic
D:5:      layout_gridville, minmay_temple_entry_overgrown, kennysheep_doodads,
          roderic_lattice_a
D:6:      layout_gridville
D:7:      layout_rooms
D:8:      layout_basic, kennysheep_another_room
D:9:      layout_long_grid, mainiacjoe_overflow_24_doors, lair_entry_dummy,
          hellmonk_ghost_big_iron, st_stairs_9
Temple:   mainiacjoe_temple_hex_bubbles
Lair:1:   layout_concentric_octagons

Skill      XL: |  1  2  3  4  5  6  7  8  9 10 11 |
---------------+----------------------------------+-----
Spellcasting   | 4 5 7 8 10 11 12 | 12.1
Dodging        | 3 4 5 |  5.9
Evocations     | 2 |  2.9
Stealth        | 2 |  2.0

Action                   |  1- 3 |  4- 6 |  7- 9 | 10-12 || total
-------------------------+-------+-------+-------+-------++-------
Melee: Dagger            |       |     1 |       |       ||     1
 Cast: Summon Small Mamm |    58 |    23 |    11 |       ||    92
       Call Imp          |    22 |     9 |    11 |     1 ||    43
       Call Canine Famil |     8 |    14 |    27 |    20 ||    69
       Apportation       |     1 |       |       |       ||     1
       Summon Lightning  |       |     5 |    29 |     9 ||    43
       Summon Guardian G |       |       |    13 |    10 ||    23
       Wereblood         |       |       |     1 |       ||     1
       Teleport Other    |       |       |     2 |       ||     2
Invok: Curse Item        |       |       |     3 |       ||     3
  Use: Scroll            |     4 |     2 |     4 |       ||    10
Armor: Robe              |    18 |     9 |    10 |     6 ||    43
Dodge: Dodged            |    28 |    39 |    44 |    24 ||   135
       Repelled          |       |       |     1 |     1 ||     2

Table legend: (Time is in decaauts)
 A = Elapsed time spent in this place.
 B = Non-inter-level travel time spent in this place.
 C = Inter-level travel time spent in this place.
 D = Time resting spent in this place.
 E = Time spent auto-exploring this place.
 F = Levels seen in this place.
 G = Mean time per level.
                   A        B        C        D        E       F      G
               +--------+--------+--------+--------+--------+-----+--------+
         Total |  14088 |  13356 |    732 |   1224 |  10327 |  11 | 1280.7 |
       Dungeon |  13447 |  12862 |    585 |   1112 |  10082 |   9 | 1494.1 |
        Temple |    376 |    229 |    147 |      0 |    224 |   1 |  376.0 |
          Lair |    264 |    264 |      0 |    112 |     21 |   1 |  264.0 |
               +--------+--------+--------+--------+--------+-----+--------+

Top non-repeatable levels by time:
     D:1: 2767 daAuts
     D:2: 2020 daAuts
     D:5: 1679 daAuts
     D:6: 1439 daAuts
     D:4: 1223 daAuts
     D:7: 1111 daAuts
     D:3: 1106 daAuts
     D:9: 1069 daAuts
     D:8: 1028 daAuts
  Temple: 376 daAuts
  Lair:1: 264 daAuts
